 Dungeon Crawl Stone Soup version 0.28-a0-793-g31680bbd8b (webtiles) character file.

Game seed: 3912579956907617404

4 demibob the Ruffian (level 1, 8/19 HPs)
             Began as a Ghoul Monk on Nov 4, 2021.
             Was a Believer of Dithmenos.
             Quit the game on level 1 of the Dungeon.
             The game lasted 00:00:16 (56 turns).

demibob the Ruffian (Ghoul Monk)                      Turns: 56, Time: 00:00:16

Health: 8/19       AC:  2    Str: 14    XL:     1   Next: 60%
Magic:  0/0        EV: 12    Int:  5    God:    Dithmenos [**....]
Gold:   19         SH:  0    Dex: 11    Spells: 0/0 levels left

rFire   . . .      SeeInvis .     - Unarmed
rCold   + . .      Faith    .   (no shield)
rNeg    + + +      Spirit   .   a - +0 robe
rPois   ∞          Reflect  .   (no helmet)
rElec   .          Harm     .   (no cloak)
rCorr   .          Rampage  .   (no gloves)
Will    .....                   (no boots)
Stlth   ++........              (no amulet)
HPRegen 0.06/turn               (no ring)
MPRegen 0.07/turn               (no ring)

@: wreathed by umbra
A: claws 1, cold resistance 1, negative energy resistance 3, inhibited
regeneration, torment resistance 2
a: Renounce Religion, Shadow Step


You were on level 1 of the Dungeon.
You worshipped Dithmenos.
Dithmenos was pleased with you.
You visited 1 branch of the dungeon, and saw 1 of its levels.

You collected 19 gold pieces.


Innate Abilities, Weirdness & Mutations

You thrive by killing the living.
You are immune to poison.
You have sharp fingernails.
Your flesh is cold resistant. (rC+)
You are immune to negative energy. (rN+++)
You do not regenerate when monsters are visible.
You are immune to unholy pain and torment.


   Skills:
 - Level 3.2 Fighting
 - Level 2.6 Dodging
 - Level 2.1 Stealth
 + Level 3.6 Unarmed Combat


You couldn't memorise any spells.
You didn't know any spells.
Your spell library was empty.

Inventory:

Armour
 a - a +0 robe (worn)

Dungeon Overview and Level Annotations

Branches:
Dungeon (1/15)

Altars:
Dithmenos

#.........#.#....
#.#.........#.##...
#.......:...#.# ###
#.###..###..#
#..........##
##..........#
#..###......#
####...........#
.......@.......#
..###.......[....
#.###.(###.##. #.
..... .# # .....# #
######


There were no monsters in sight!


Message History

The bat hits you. The ball python bites you. The ball python constricts you.
You barely miss the ball python.
The ball python is heavily wounded.
The ball python bites you.
* * * LOW HITPOINT WARNING * * *
The ball python constricts you. The bat barely misses you.
The ball python bites you.
* * * LOW HITPOINT WARNING * * *
The ball python constricts you.
* * * LOW HITPOINT WARNING * * *
You scratch the ball python.
The ball python is severely wounded.
The bat barely misses you.
The ball python bites you but does no damage.
The ball python constricts you.
You scratch the ball python.
You kill the ball python!
You feel better. The bat hits you but does no damage.
You closely miss the bat. The bat barely misses you.
You claw the bat!
You kill the bat!
Found 12 arrows.
You now have 19 gold pieces (gained 12).
There is a faded altar of an unknown god here.
You cannot tell which god this altar belongs to.
Convert to them anyway?
Dithmenos accepts your prayer! Dithmenos welcomes you!
You are shrouded in an aura of darkness!
You can now step into the shadows of nearby creatures.
Are you sure you want to abandon this character and quit the game? (Confirm with "yes".)

Action                   || total
-------------------------++-------
Melee: Unarmed           ||    11
Armor: Robe              ||     3
Dodge: Dodged            ||    11

Levels and vault maps discovered:
D:1:      minmay_arrival_loop, layout_loops_cross,
          hellmonk_ecumenical_altar_lost_god, feat_on_display

Notes
Turn   | Place    | Note
-------+----------+-------------------------------------------
     0 | D:1      | demibob the Ghoul Monk began the quest for the Orb.
     0 | D:1      | Reached XP level 1. HP: 19/19 MP: 0/0
    35 | D:1      | Found a faded altar of an unknown god.
    55 | D:1      | Prayed at the altar of an unknown god.
    55 | D:1      | Became a worshipper of Dithmenos the Shadowed
    55 | D:1      | Reached * piety under Dithmenos
    55 | D:1      | Reached ** piety under Dithmenos
    56 | D:1      | Quit the game

Vanquished Creatures
  A ball python (D:1)
  A bat (D:1)
  An endoplasm (D:1)
3 creatures vanquished.

Table legend: (Time is in decaauts)
 A = Elapsed time spent in this place.
 B = Non-inter-level travel time spent in this place.
 C = Inter-level travel time spent in this place.
 D = Time resting spent in this place.
 E = Time spent auto-exploring this place.
 F = Levels seen in this place.
 G = Mean time per level.
                   A        B        C        D        E       F      G
               +--------+--------+--------+--------+--------+-----+--------+
         Total |     55 |     55 |      0 |      0 |     31 |   1 |   55.0 |
       Dungeon |     55 |     55 |      0 |      0 |     31 |   1 |   55.0 |
               +--------+--------+--------+--------+--------+-----+--------+

Top non-repeatable levels by time:
     D:1: 55 daAuts

Table legend:
 A = Non-vault XP
 B = Vault XP
 C = Vault XP percentage of total XP
 D = Non-vault monster count
 E = Vault monster count
 F = Vault count percentage of total count
                 A         B        C        D         E       F
            +---------+---------+-------+---------+---------+-------
      Total |       6 |       0 |   0.0 |       3 |       0 |   0.0
            +---------+---------+-------+---------+---------+-------
        D:1 |       6 |       0 |   0.0 |       3 |       0 |   0.0
            +---------+---------+-------+---------+---------+-------
